 Dungeon Crawl Stone Soup version 0.23-b1-3-gdda8187 (console) character file.

Game seed: 9326943770223237099

497 erker the Slasher (level 7, -4/40 HPs)
             Began as a Tengu Gladiator on Jan 31, 2019.
             Slain by a gnoll
             ... wielding a +0 spear
              (7 damage)
             ... on level 3 of the Dungeon.
             The game lasted 00:11:30 (2954 turns).

erker the Slasher (Tengu Gladiator)                 Turns: 2954, Time: 00:11:30

Health: -4/40      AC:  6    Str: 15 (16) XL:     7   Next: 16%
Magic:  9/9        EV: 13    Int:  7 (8)  God:
Gold:   134        SH:  0    Dex: 14 (16) Spells: 6/6 levels left

rFire    . . .     SeeInvis .   a - +0 long sword
rCold    . . .     Gourm    .   (no shield)
rNeg     . . .     Faith    .   h - +0 ring mail
rPois    .         Spirit   .   c - +0 hat
rElec    .         Reflect  .   (no cloak)
rCorr    +         Harm     .   l - +0 pair of gloves
MR       .....                  (boots unavailable)
Stlth    +.........             s - amulet of rage
HPRegen  0.13/turn              m - ring of resist corrosion
MPRegen  0.11/turn              (no ring)

@: no status effects
A: beak, talons 3, able to fly
a: Fly, Evoke Berserk Rage


You were on level 3 of the Dungeon.
You were not hungry.

You visited 1 branch of the dungeon, and saw 3 of its levels.

You collected 134 gold pieces.

Inventory:

Hand Weapons
 a - a +0 long sword (weapon)
 b - a +0 blowgun
 j - a +1 short sword of draining
 o - a +0 dagger of holy wrath
Missiles
 d - 4 throwing nets (quivered)
 q - 34 arrows
 v - 5 poisoned needles
Armour
 c - a +0 hat (worn)
 h - a +0 ring mail (worn)
 l - a +0 pair of gloves (worn)
Jewellery
 m - a ring of resist corrosion (left hand)
 s - an amulet of rage (around neck)
Scrolls
 e - 3 scrolls of identify
 g - 2 scrolls of remove curse {unknown}
 k - a scroll of random uselessness {unknown}
 t - a scroll of amnesia {unknown}
Potions
 n - a potion of curing
 p - a potion of agility
 r - a potion of invisibility
 u - 2 potions of degeneration
Comestibles
 f - 6 rations
 w - 4 chunks of flesh


   Skills:
 + Level 2.8 Fighting
 + Level 5.7 Long Blades
 - Level 2.0 Throwing
 + Level 2.6 Armour
 * Level 5.5 Dodging
 * Level 2.2 Evocations


You had 6 spell levels left.
You didn't know any spells.
Your spell library was empty.

Dungeon Overview and Level Annotations

Branches:
Dungeon (3/15)

Altars:
Fedhas


Innate Abilities, Weirdness & Mutations

You have a beak for a mouth.
You have claws for feet.
You can fly continuously.


Message History

You are too injured to fight recklessly!
You are too injured to fight recklessly!
You are too injured to fight recklessly!
You are too injured to fight recklessly!
You hit the gnoll but do no damage. You claw the gnoll.
You kill the gnoll!
The gnoll hits you with a +0 spear.
You barely miss the gnoll.
The gnoll is heavily wounded.
The gnoll barely misses you.
You barely miss the gnoll. Your kick misses the gnoll.
The gnoll is heavily wounded.
The gnoll hits you with a +0 spear!
* * * LOW HITPOINT WARNING * * *
You closely miss the gnoll. Your kick misses the gnoll.
The gnoll is heavily wounded.
The gnoll hits you with a +0 spear.
* * * LOW HITPOINT WARNING * * *
The gnoll hits you from afar with a +0 spear!
You die...

#....≈≈###+# #....≈≈≈.
################# #.P..≈≈≈.
#.#.........#8..8 #....≈≈≈.
#(#.........'.... #....≈≈≈.
#.+.........'.... #....≈≈≈.
#.#.........#....
#....≈≈≈.#+####''#######....
#....≈≈≈.#......))# #....
..#....≈≈≈.#.@......# #....
..#...P≈≈###†#.......... #....
..#....≈≈#.)g#############''''
#.#....≈≈#...#........÷.).....
#.#....≈≈#####≈≈≈≈≈≈≈≈)))≈....
#.#....≈≈≈≈≈≈≈≈≈≈≈≈≈≈≈≈≈≈≈.... ##
#.#....≈≈≈≈≈≈≈≈≈≈≈≈≈≈≈≈≈≈≈....
.###.#.....P...............[.....
.................................


You could see a gnoll.

Vanquished Creatures
  A gnoll sergeant (D:3)
  3 gnoll shamans (D:3)
  An orc priest (D:3)
  An orc wizard (D:3)
  Natasha (thrice) (D:2)
  2 adders (D:2)
  10 gnolls (D:3)
  2 worms (D:3)
  2 dart slugs
  3 leopard geckos (D:3)
  8 orcs (D:3)
  A ball python (D:2)
  6 bats
  4 giant cockroaches
  7 goblins
  7 hobgoblins
  14 jackals (D:3)
  11 kobolds
  A quokka (D:2)
  2 frilled lizards (D:1)
  3 rats
92 creatures vanquished.

Notes
Turn   | Place    | Note
-------+----------+-------------------------------------------
     0 | D:1      | erker the Tengu Gladiator began the quest for the Orb.
     0 | D:1      | Reached XP level 1. HP: 12/12 MP: 2/2
   197 | D:1      | Reached XP level 2. HP: 9/17 MP: 3/3
   928 | D:1      | Reached XP level 3. HP: 21/21 MP: 4/4
  1155 | D:2      | Noticed Natasha
  1162 | D:2      | Killed Natasha
  1185 | D:2      | Noticed Natasha
  1189 | D:2      | Killed Natasha
  1189 | D:2      | Reached XP level 4. HP: 11/26 MP: 5/5
  1288 | D:2      | Noticed Natasha
  1295 | D:2      | Killed Natasha
  1295 | D:2      | Reached skill level 1 in Armour
  1400 | D:2      | Gained mutation: You can fly continuously. [Tengu growth]
  1400 | D:2      | Reached XP level 5. HP: 24/31 MP: 6/6
  1435 | D:2      | Found a blossoming altar of Fedhas.
  1793 | D:3      | Reached skill level 5 in Dodging
  1938 | D:3      | Reached skill level 1 in Evocations
  2255 | D:3      | Reached skill level 5 in Long Blades
  2255 | D:3      | Reached XP level 6. HP: 11/36 MP: 7/7
  2694 | D:3      | Reached XP level 7. HP: 7/40 MP: 9/9
  2694 | D:3      | HP: 2/40 [gnoll/+0 club (2)]
  2954 | D:3      | Slain by a gnoll

Skill      XL: |  1  2  3  4  5  6  7 |
---------------+----------------------+-----
Dodging        | 4 5 |  5.5
Long Blades    | 4 5 |  5.7
Armour         | 1 2 |  2.6
Evocations     | 1 2 |  2.2
Fighting       | |  2.8
Throwing       | |  2.0

Action                   |  1- 3 |  4- 6 |  7- 9 || total
-------------------------+-------+-------+-------++-------
Melee: Long sword        |    56 |   111 |    23 ||   190
       Kick              |    16 |    39 |    10 ||    65
       Peck              |     8 |    25 |     4 ||    37
 Fire: Blowgun           |       |     5 |       ||     5
Throw: Throwing net      |       |     1 |       ||     1
 Abil: Evoke Berserk Rag |       |     1 |       ||     1
  Use: Scroll            |       |       |     3 ||     3
       Potion            |       |       |     2 ||     2
  Eat: Chunk             |     1 |     5 |     2 ||     8
Armor: Ring mail         |    14 |    55 |     4 ||    73
Dodge: Dodged            |    49 |    98 |    21 ||   168
       Rpst.: Long sword |    13 |    30 |     5 ||    48
